 Dungeon Crawl Stone Soup version 0.29.1-1-gd02db6906a (webtiles) character file.

Game seed: 9972921738165787730

564 Demigod47 the Cudgeller (level 7, -2/60 HPs)
             Began as a Minotaur Fighter on Oct 7, 2022.
             Succumbed to an orc wizard's poison
             ... on level 5 of the Dungeon.
             The game lasted 00:14:59 (4862 turns).

Demigod47 the Cudgeller (Minotaur Fighter)          Turns: 4862, Time: 00:15:00

Health: -2/60      AC:  9    Str: 23    XL:     7   Next: 10%
Magic:  6/6        EV: 10    Int:  5    God:
Gold:   233        SH:  4    Dex:  9    Spells: 6/6 levels left

rFire   . . .      SeeInvis .   a - +0 flail
rCold   . . .      Faith    .   c - +0 buckler
rNeg    . . .      Spirit   .   b - +0 scale mail
rPois   .          Reflect  .   (helmet restricted)
rElec   .          Harm     .   n - +1 cloak
rCorr   .          Rampage  .   (no gloves)
Will    .....                   (no boots)
Stlth   ..........              (no amulet)
HPRegen 0.20/turn               (no ring)
MPRegen 0.10/turn               (no ring)

@: lethally poisoned (-2 -> -23)
A: horns 2, retaliatory headbutt
a: no special abilities


You were on level 5 of the Dungeon.
You visited 1 branch of the dungeon, and saw 5 of its levels.

You collected 233 gold pieces.

Inventory:

Hand Weapons
 a - a +0 flail (weapon)
 k - the +9 quarterstaff of Fae Tender Mercy {drain, Dex+4}
   (You found it on level 4 of the Dungeon)

   A truly terrible weapon, it drains the life of any living foe it strikes.
   Dex:       It affects your dexterity (+4).
Armour
 b - a +0 scale mail (worn)
 c - a +0 buckler (worn)
 n - a +1 cloak (worn)
Jewellery
 m - a ring of wizardry
Scrolls
 f - a scroll of brand weapon
 h - 2 scrolls of poison
 j - a scroll of immolation
 l - a scroll of vulnerability
 o - a scroll of teleportation
 p - a scroll of enchant armour {unknown}
Potions
 d - a potion of might
 e - a potion of haste
 g - 2 potions of attraction


   Skills:
 + Level 4.4 Fighting
 * Level 7.2 Maces & Flails
 + Level 5.5 Armour
 + Level 2.0 Dodging
 + Level 4.3 Shields


You had 6 spell levels left.
You didn't know any spells.
Your spell library contained the following spells:

 Spells                   Type           Power      Damage    Failure   Level
 Magic Dart               Conj           0%         1d3       86%         1
 Sandblast                Erth           0%         2d4       86%         1
 Call Imp                 Summ           0%         N/A       94%         2
 Passwall                 Tmut/Erth      0%         N/A       94%         2
 Conjure Flame            Conj/Fire      0%         6-21      99%         3
 Ignite Poison            Fire/Tmut/Pois 0%         N/A       99%         3
 Mephitic Cloud           Conj/Pois/Air  0%         N/A       99%         3
 Stone Arrow              Conj/Erth      0%         3d7       99%         3
 Sticky Flame             Conj/Fire      0%         2d3       100%        4
 Blade Hands              Tmut           0%         N/A       100%        5
 Irradiate                Conj/Tmut      0%         3d11      100%        5
 Dragon Form              Tmut           0%         N/A       100%        7


Dungeon Overview and Level Annotations

Branches:
Dungeon (5/15)
 Temple: D:4-7

Altars:
Cheibriados
Makhleb
Zin
The Shining One

Annotations:
D:5 Sigmund


Innate Abilities, Weirdness & Mutations

You have a pair of horns on your head.
You reflexively headbutt those who attack you in melee.


Message History

You feel sick.
The orc wizard hits you but does no damage.
You are lethally poisoned!
You barely miss the orc wizard.
The orc wizard is lightly wounded.
* * * LOW HITPOINT WARNING * * *
You feel very sick. The orc wizard barely misses you.
You feel better. The orc wizard casts a spell at you.
You are confused.
You bump into the rock wall.
The orc wizard hits you but does no damage.
You bump into the rock wall.
The orc wizard hits you with a +1 dagger of venom.
* * * LOW HITPOINT WARNING * * *
You are poisoned.
You bump into the rock wall.
You feel sick.
The orc wizard hits you with a +1 dagger of venom.
* * * LOW HITPOINT WARNING * * *
You are more poisoned.
You closely miss the orc wizard. Your headbutt misses the orc wizard.
The orc wizard is lightly wounded.
* * * LOW HITPOINT WARNING * * *
You feel very sick.
The orc wizard hits you with a +1 dagger of venom.
* * * LOW HITPOINT WARNING * * *
You are more poisoned.
Okay, then.
You are too confused!
You completely miss the orc wizard.
The orc wizard is lightly wounded.
* * * LOW HITPOINT WARNING * * *
You feel very sick.
The orc wizard hits you with a +1 dagger of venom.
* * * LOW HITPOINT WARNING * * *
You are more poisoned.
You bump into the rock wall.
You feel less confused.
You die...

#### #..# #######..#
.........# ##########
.#....#..### #.........
#.##......## #)........ #
#...##..###.........
...#.##.####......)....#..
.......(.@o5o##.#...^.....
....###.#######.#....$..>.
.. #.# #........... ). #.#
#######..... .. #.# #.....
.. #. #.# ##.#.. #..
#.####.# ..?.
#.#..###.#....# ....
##..........##### ..#.


You could see an orc wizard, a shadow imp and an orc.

Vanquished Creatures
  An ogre (D:4)
  A bullfrog (D:4)
  A scorpion (D:5)
  A water moccasin skeleton (D:3)
  A hound (D:5)
  3 iguanas
  An orc wizard (D:4)
  A hound zombie (D:3)
  A hound skeleton (D:3)
  Robin (D:3)
  4 adders
  An adder zombie (D:3)
  2 adder skeletons (D:3)
  2 worms (D:2)
  3 dart slugs
  12 orcs
  4 endoplasms
  3 giant cockroaches
  12 goblins
  7 hobgoblins
  A jackal (D:1)
  4 quokkas
  5 ball pythons
  4 bats
  5 frilled lizards
  2 kobolds
  A quokka skeleton (D:3)
  4 rats
88 creatures vanquished.

Vanquished Creatures (others)
  2 withered plants (D:3)
2 creatures vanquished.

Grand Total: 90 creatures vanquished

Notes
Turn   | Place    | Note
-------+----------+-------------------------------------------
     0 | D:1      | Demigod47 the Minotaur Fighter began the quest for the Orb.
     0 | D:1      | Reached XP level 1. HP: 19/19 MP: 0/0
   465 | D:1      | Reached XP level 2. HP: 23/27 MP: 1/1
   512 | D:1      | Found a faded altar of an unknown god.
  1152 | D:2      | Reached skill level 3 in Maces & Flails
  1368 | D:2      | Reached XP level 3. HP: 33/33 MP: 2/2
  1847 | D:2      | Reached skill level 4 in Maces & Flails
  2049 | D:2      | Reached XP level 4. HP: 40/40 MP: 3/3
  2567 | D:3      | Found a snail-covered altar of Cheibriados.
  2591 | D:3      | Noticed Robin
  2605 | D:3      | Killed Robin
  2964 | D:3      | Reached skill level 1 in Dodging
  2964 | D:3      | Reached XP level 5. HP: 46/46 MP: 4/4
  2972 | D:3      | Reached skill level 5 in Maces & Flails
  3330 | D:4      | Identified the +9 quarterstaff of Fae Tender Mercy {drain,
                  | Dex+4}
  3408 | D:4      | Reached skill level 6 in Maces & Flails
  3408 | D:4      | Reached XP level 6. HP: 24/52 MP: 5/5
  3786 | D:4      | Found a burning altar of Makhleb.
  3792 | D:4      | Found a glowing silver altar of Zin.
  3793 | D:4      | Noticed a cacodemon
  3793 | D:4      | Noticed an angel
  4028 | D:4      | Reached skill level 5 in Armour
  4156 | D:4      | Found a glowing golden altar of the Shining One.
  4326 | D:5      | Entered Level 5 of the Dungeon
  4576 | D:5      | Reached skill level 7 in Maces & Flails
  4790 | D:5      | Reached XP level 7. HP: 55/60 MP: 6/6
  4818 | D:5      | Noticed Sigmund
  4861 | D:5      | HP: 2/60 [orc wizard/+1 dagger of venom (2)]
  4862 | D:5      | Succumbed to an orc wizard's poison

Illustrated notes

Levels and vault maps discovered:
D:1:      dpeg_arrival_fog, layout_loops_ring,
          hellmonk_ecumenical_altar_crossroads, palyth_stone_intersect,
          minmay_tetromino_t2
D:2:      layout_loops_corners
D:3:      layout_loops_ring, mainiacjoe_overflow_boulevard, serial_undead,
          serial_undead_d, serial_undead_f, serial_undead_d, serial_undead_e,
          uniq_robin
D:4:      layout_cave_pools, grunt_temple_overflow_order_and_chaos_2,
          tso_metal_star, st_stairs_6, corexii_checkpoint_b,
          nrook_mini_backslash
D:5:      layout_rooms, mainiacjoe_overflow_big_doors, serial_shops,
          nicolae_shop_window_shopping, st_stairs_2, uniq_sigmund

Skill      XL: |  1  2  3  4  5  6  7 |
---------------+----------------------+-----
Armour         | 4 5 |  5.5
Maces & Flails | 3 4 6 7 |  7.2
Shields        | 4 |  4.3
Fighting       | 4 |  4.4
Dodging        | 1 2 |  2.0

Action                   |  1- 3 |  4- 6 |  7- 9 || total
-------------------------+-------+-------+-------++-------
Melee: Flail             |    90 |   144 |    14 ||   248
       Headbutt          |    13 |    10 |     4 ||    27
  Use: Scroll            |     2 |     5 |     1 ||     8
       Potion            |       |     6 |     2 ||     8
Armor: Scale mail        |    41 |    73 |    20 ||   134
Dodge: Dodged            |    42 |    68 |    17 ||   127
Block: Buckler           |    23 |    24 |     6 ||    53
